 Dungeon Crawl Stone Soup version 0.32-a0-814-g0968bab981 (webtiles) character file.

Game seed: 8431356736091927924

69016 Griffin23 the Fencer (level 14, -14/117 HPs)
             Began as a Minotaur Fighter on Mar 22, 2024.
             Was the Champion of Hepliaklqana.
             Demolished by an enormous slime creature (39 damage)
             ... on level 13 of the Dungeon.
             The game lasted 01:06:59 (22592 turns).

Griffin23 the Fencer (Minotaur Fighter)            Turns: 22592, Time: 01:06:59

Health: -14/117    AC: 23    Str: 32    XL:     14   Next: 88%
Magic:  28/28      EV:  6    Int:  8    God:    Hepliaklqana [******]
Gold:   760        SH: 16    Dex:  8    Spells: 13/13 levels left

rFire   . . .        a - +1 long sword of Bosol {venom, Int+3 Dex-2}
rCold   . . .        M - +0 tower shield
rNeg    . . .        z - +0 plate armour
rPois   .            (helmet restricted)
rElec   .            H - +2 cloak {Stlth+}
rCorr   .            x - +0 pair of gloves
SInv    .            h - +0 pair of boots
Will    +....        o - amulet of regeneration Stlth
                     E - ring of magical power
HPRegen 1.19/turn    F - +6 ring of strength
MPRegen 0.21/turn

%: no passive effects
@: no status effects
A: reduced essence, horns 2, retaliatory headbutt
a: Renounce Religion, Recall Ancestor, Ancestor Identity, Transference, Idealise


You were on level 13 of the Dungeon.
You worshipped Hepliaklqana.
Hepliaklqana was exalted by your worship.
You visited 3 branches of the dungeon, and saw 19 of its levels.
You also visited: Sewer.

You collected 1862 gold pieces.
You spent 1102 gold pieces at shops.

Inventory:

Hand Weapons
 a - the +1 long sword of Bosol (weapon) {venom, Int+3 Dex-2}
   (You bought it in a shop on level 2 of the Orcish Mines)

   Int+3:     It affects your intelligence (+3).
   Dex-2:     It affects your dexterity (-2).
 G - a +0 antimagic long sword
 J - a +1 long sword of draining
 Y - a +4 great sword of holy wrath
Missiles
 B - 3 throwing nets (quivered)
Armour
 c - a +0 buckler
 f - a scarf of resistance
 h - a +0 pair of boots (worn)
 x - a +0 pair of gloves (worn)
 z - a +0 plate armour (worn)
 H - a +2 cloak of stealth (worn)
 M - a +0 tower shield (worn)
 Q - a scarf of shadows
Jewellery
 o - an amulet of regeneration (around neck)
 E - a ring of magical power (left hand)
 F - a +6 ring of strength (right hand)
 O - a ring of ice
 Z - an amulet of faith
Wands
 n - a wand of roots (12)
 s - a wand of charming (9)
 w - a wand of flame (24)
 L - a wand of polymorph (1)
 S - a wand of mindburst (15)
Scrolls
 g - 3 scrolls of vulnerability
 i - a scroll of identify
 p - 3 scrolls of blinking
 r - 2 scrolls of enchant weapon
 t - 3 scrolls of enchant armour
 u - 4 scrolls of revelation
 v - 3 scrolls of immolation
 y - a scroll of poison
 C - 2 scrolls of amnesia
 R - 5 scrolls of teleportation
Potions
 b - a potion of heal wounds
 d - 5 potions of might
 e - 2 potions of brilliance
 j - 6 potions of curing
 k - 4 potions of attraction
 l - a potion of enlightenment {unknown}
 m - a potion of haste {unknown}
 q - a potion of lignification {unknown}
 A - a potion of invisibility {unknown}
 D - 2 potions of mutation {unknown}
 I - 2 potions of ambrosia
 N - 2 potions of degeneration {unknown}
 T - a potion of magic {unknown}
 U - a potion of resistance {unknown}
 V - a potion of experience {unknown}
 W - a potion of berserk rage {unknown}
Miscellaneous
 X - a lightning rod (1/4)


   Skills:
 + Level 13.9 Fighting
 - Level 16.5 Long Blades
 + Level 13.9 Armour
 + Level 13.8 Shields
 + Level 8.9 Invocations
 + Level 8.1 Evocations


You had 13 spell levels left.
You didn't know any spells.
Your spell library contained the following spells:

 Spells                   Type           Power      Damage    Failure   Level
 Sting                    Conj/Alch      0%         1d3       99%         1
 Call Imp                 Summ           0%         N/A       100%        2
 Cigotuvi's Dreadful Rot  Necr/Alch/Air  0%         N/A       100%        2
 Jinxbite                 Hex            0%         N/A       100%        2
 Mercury Vapours          Alch/Air       0%         N/A       100%        2
 Sublimation of Blood     Necr           0%         N/A       100%        2
 Frozen Ramparts          Ice            0%         1d1       100%        3
 Gell's Gravitas          Tloc           0%         N/A       100%        3
 Ozocubu's Armour         Ice            0%         N/A       100%        3
 Summon Ice Beast         Ice/Summ       0%         N/A       100%        3
 Teleport Other           Tloc           0%         N/A       100%        3
 Dispel Undead            Necr           0%         3d6       100%        4
 Martyr's Knell           Necr/Summ      0%         N/A       100%        4
 Olgreb's Toxic Radiance  Alch           0%         N/A       100%        4
 Metabolic Englaciation   Hex/Ice        0%         N/A       100%        5
 Summon Forest            Summ/Tloc      0%         N/A       100%        5
 Summon Mana Viper        Hex/Summ       0%         N/A       100%        5
 Yara's Violent Unravell  Hex/Alch       0%         3d3       100%        5
 Dispersal                Tloc           0%         N/A       100%        6
 Summon Cactus Giant      Summ           0%         N/A       100%        6
 Enfeeble                 Hex            0%         N/A       100%        7
 Monstrous Menagerie      Summ           0%         N/A       100%        7
 Summon Hydra             Summ           0%         N/A       100%        7


Dungeon Overview and Level Annotations

Branches:
Dungeon (13/15)            Temple (0/1) D:4            Lair (4/5) D:11
  Swamp (0/4) Lair:2       Spider (0/4) Lair:3          Orc (2/2) D:10
    Elf (0/3) Orc:2         Sewer (visited)
  Slime: Lair:4-5    Vaults: D:13-14

Altars:
Elyvilon
Fedhas
Gozag
Hepliaklqana
Kikubaaqudgha
Makhleb
Okawaru
Qazlal
Ru
Wu Jian
Xom
Zin

Shops:
D:7 *   D:12 :*   Orc:1 ?   Orc:2 !(

Annotations:
Lair:3 2 transporters, Dineis's ghost, journeyman SpCj
Orc:2 3 runed translucent doors, DeathSocks's ghost, adept BaHs; Gazog's ghost, journeyman TrSh; jamsaran's ghost, journeyman TeSu; osoart's ghost, journeyman CoFi


Innate Abilities, Weirdness & Mutations

Your life essence is reduced to manifest your ancestor. (-10% HP)
You have a pair of horns on your head.
You reflexively headbutt those who attack you in melee.


Message History

The slime creature hits your enormous slime creature.
Your enormous slime creature hits the slime creature!!!
The slime creature dies!
Aiming: Quicksilver Bolt
Press: ? - help, Shift-Dir - straight line, f/p - enormous slime creature
Aim: an enormous slime creature (moderately wounded, charmed, friendly, 94% to hit)
The bolt of dispelling energy hits your enormous slime creature!!
Your enormous slime creature is heavily wounded.
The enormous slime creature is no longer charmed.
You block the enormous slime creature's attack.
Aiming: Quicksilver Bolt
Press: ? - help, Shift-Dir - straight line, f/p - enormous slime creature
Aim: an enormous slime creature (heavily wounded, ally target, 94% to hit)
The bolt of dispelling energy hits the enormous slime creature!
The enormous slime creature is heavily wounded.
The enormous slime creature hits you!!!
Aiming: Charm
Press: ? - help, Shift-Dir - straight line, f/p - enormous slime creature
Aim: an enormous slime creature (heavily wounded, ally target, chance to affect: 50%)
The enormous slime creature resists with some effort.
The enormous slime creature hits you.
Oclus casts a spell at the enormous slime creature.
The puff of frost hits the enormous slime creature!
Aiming: Charm
Press: ? - help, Shift-Dir - straight line, f/p - enormous slime creature
Aim: an enormous slime creature (heavily wounded, not watching you, ally target, chance to affect: 50%)
The enormous slime creature is charmed.
Unknown command.
Aiming: Quicksilver Bolt
Press: ? - help, Shift-Dir - straight line, f/p - enormous slime creature
Aim: an enormous slime creature (heavily wounded, charmed, friendly, 94% to hit)
The bolt of dispelling energy hits your enormous slime creature!!
Your enormous slime creature is severely wounded.
The enormous slime creature is no longer charmed.
The now-empty wand crumbles to dust.
The enormous slime creature hits you!!!
Ouch! That really hurt!
* * * LOW HITPOINT WARNING * * *
You feel much better. The enormous slime creature hits you!!!
You die...
Hepliaklqana delivers you to your ancestors.

##.# ###..#
##....##
.......###
#......#########
#...........##..
##.....###.......
##R###..#
##...... #@##
#.## ##..... #J##
#.# #..##. #.#
#.# #..### ..#
#.# #..# ... #.#
#..# ##. #.# #..#
# #.. ..## # ##.
.## # .. #


You could see the friendly Oclus the battlemage and an enormous slime creature
(ally target).

Vanquished Creatures
  Nessos (Lair:3)
  Snorg (D:10)
  Fannar (D:11)
  A hydra (Lair:3)
  A catoblepas (Lair:2)
  Erica (D:11)
  2 centaur warriors (D:13)
  3 two-headed ogres
  2 boulder beetles (D:12)
  6 death yaks (Lair:1)
  Urug (D:11)
  A pharaoh ant (Lair:3)
  A skyshark (Lair:2)
  The ghost of lucidstorm14 the Cleaver, a novice MiBe of Trog (D:6)
  3 orc knights (Orc:2)
  A deep elf pyromancer (D:12)
  An obsidian bat (Orc:2)
  4 cyclopes
  2 manticores (D:12)
  20 elephants
  A slime creature (D:12)
  6 kobold blastminers
  9 cane toads
  Maggie (D:8)
  An unseen horror (D:12)
  5 komodo dragons
  A kobold demonologist (D:12)
  2 tengu conjurers (D:13)
  7 trolls
  A polar bear (Lair:2)
  A hornet (D:7)
  Prince Ribbit (Lair:1)
  11 blink frogs
  A wyvern (Lair:2)
  A vampire (D:12)
  A water elemental (D:12)
  2 wraiths
  34 yaks
  A basilisk (Lair:1)
  A fire bat (D:7)
  A redback (Lair:3)
  A steam dragon (D:6)
  2 vampire mosquitoes (D:11)
  6 water moccasins
  A sky beast (D:8)
  2 ice beasts
  26 orc warriors
  A black bear (D:4)
  5 ogres
  13 wolves
  11 centaurs
  A kobold brigand (Sewer)
  A phantom (D:6)
  A brain worm (Sewer)
  A bullfrog (Lair:3)
  6 scorpions
  5 wights
  5 killer bees (D:9)
  A howler monkey (D:13)
  An electric eel (D:9)
  A jelly (D:6)
  11 orc priests
  Crazy Yiuf (D:7)
  Jessica (D:2)
  An iguana (D:6)
  9 orc wizards
  A human simulacrum (D:8)
  6 adders
  2 gnolls (D:10)
  A river rat (Sewer)
  2 white imps
  2 dart slugs
  10 ribbon worms
  39 orcs
  7 bats
  7 endoplasms
  3 giant cockroaches
  3 hobgoblins
  A jackal (D:3)
  2 quokkas (D:2)
  9 ball pythons
  2 frilled lizards
  7 goblins
  10 kobolds
  4 rats
375 creatures vanquished.

Vanquished Creatures (collateral kills)
  A hydra (Lair:2)
  A lindwurm (Lair:4)
  2 deep elf pyromancers
  A cyclops (D:12)
  A manticore (D:11)
  A shining eye (D:13)
  Maurice (D:7)
  7 elephants
  A kobold blastminer (Orc:1)
  A gargoyle (D:11)
  3 cane toads
  A kobold demonologist (D:11)
  An unseen horror (D:11)
  4 komodo dragons
  A queen bee (shapeshifter) (D:9)
  8 blink frogs
  3 wyverns
  3 slime creatures
  A shadow (D:11)
  A wraith (D:12)
  16 yaks
  A basilisk (Lair:2)
  2 vampire mosquitoes (D:11)
  An acid dragon (D:11)
  Duvessa (D:7)
  5 water moccasins
  9 orc warriors
  4 ice beasts
  3 black bears
  5 wolves
  A centaur (D:6)
  3 kobold brigands (Sewer)
  Blork the orc (D:5)
  4 bullfrogs
  A gnoll sergeant (D:10)
  6 wights
  Dowan (D:7)
  2 killer bees
  5 electric eels
  2 howler monkeys
  A hound (D:4)
  6 orc priests
  A bombardier beetle (D:5)
  A sleepcap (D:6)
  An iguana (D:7)
  4 orc wizards
  2 gnolls (D:10)
  A river rat (Sewer)
  7 adders
  2 shadow imps
  A white imp (D:7)
  A dart slug (D:3)
  2 ribbon worms
  18 orcs
  4 ball pythons
  2 endoplasms
  5 giant cockroaches
  2 goblins
  2 hobgoblins (D:4)
  A jackal (D:3)
  7 kobolds
  2 quokkas (D:3)
  A bat (D:2)
  2 frilled lizards (D:3)
  3 rats (Sewer)
195 creatures vanquished.

Vanquished Creatures (others)
  A kobold brigand (D:8)
  A jelly (D:8)
  19 battlemagi
  A human simulacrum (D:8)
  A kobold (D:8)
23 creatures vanquished.

Grand Total: 593 creatures vanquished

Notes
Turn   | Place    | Note
-------+----------+-------------------------------------------
     0 | D:1      | Griffin23 the Minotaur Fighter began the quest for the Orb.
     0 | D:1      | Reached XP level 1. HP: 19/19 MP: 0/0
   173 | D:1      | Reached XP level 2. HP: 27/27 MP: 1/1
   242 | D:1      | Found a faded altar of an unknown god.
   259 | D:1      | Reached skill level 3 in Long Blades
   294 | D:1      | Prayed at the altar of an unknown god.
   294 | D:1      | Became a worshipper of Hepliaklqana the Forgotten
   294 | D:1      | Reached * piety under Hepliaklqana
   511 | D:1      | Reached XP level 3. HP: 28/29 MP: 2/2
  1153 | D:2      | Reached XP level 4. HP: 36/36 MP: 3/3
  1355 | D:2      | Reached ** piety under Hepliaklqana
  1731 | D:2      | Noticed Jessica
  1735 | D:2      | Killed Jessica
  1736 | D:2      | Reached skill level 4 in Long Blades
  1879 | D:2      | Remembered your ancestor Oclus as a battlemage
  2093 | D:3      | Noticed an ice beast
  2095 | D:3      | Found a transporter.
  2096 | D:3      | Noticed an ice beast
  2099 | D:3      | Found a transporter.
  2110 | D:3      | Reached XP level 5. HP: 42/42 MP: 4/4
  2183 | D:3      | Found a glowing drain.
  2202 | Sewer    | Entered a sewer
  2361 | Sewer    | Reached skill level 5 in Long Blades
  2370 | Sewer    | Reached skill level 5 in Fighting
  2370 | Sewer    | Reached skill level 5 in Shields
  2370 | Sewer    | Reached XP level 6. HP: 27/50 MP: 5/5
  2614 | Sewer    | Reached skill level 5 in Armour
  2808 | Sewer    | Reached skill level 6 in Long Blades
  2924 | Sewer    | Reached XP level 7. HP: 35/54 MP: 2/6
  3092 | D:3      | Found a sacrificial altar of Ru.
  3092 | D:3      | Found a blossoming altar of Fedhas.
  3093 | D:3      | Found a stormy altar of Qazlal.
  3211 | D:3      | Found a white marble altar of Elyvilon.
  3804 | D:4      | Reached *** piety under Hepliaklqana
  4334 | D:4      | Found a staircase to the Ecumenical Temple.
  4543 | D:4      | Reached skill level 7 in Long Blades
  4546 | D:4      | Identified the +9 hand axe "Ogrebane" {flame, rC+}
  4550 | D:4      | Identified the +1 dagger of Exquisite Death {venom, SInv}
  5047 | D:5      | Entered Level 5 of the Dungeon
  5109 | D:5      | Reached XP level 8. HP: 58/63 MP: 7/7
  5439 | D:5      | Noticed Blork the orc
  5445 | D:5      | Killed Blork the orc
  5535 | D:5      | Found an ornate altar of the Wu Jian Council.
  5724 | D:5      | Reached skill level 8 in Long Blades
  5786 | D:6      | Found a transporter.
  5837 | D:6      | Reached **** piety under Hepliaklqana
  6043 | D:6      | Noticed lucidstorm14's ghost (novice MiBe)
  6045 | D:6      | Noticed a two-headed ogre
  6048 | D:6      | Found a transporter.
  6069 | D:6      | Reached skill level 9 in Long Blades
  6208 | D:6      | Reached XP level 9. HP: 47/68 MP: 8/8
  6255 | D:6      | Identified the +0 robe "Eveczaca" {Will+ rCorr}
  6436 | D:7      | Found Xipha Ist's Assorted Antiques.
  6542 | D:7      | Reached skill level 10 in Long Blades
  6590 | D:7      | Noticed Maurice
  6606 | D:7      | Maurice stole 290 gold
  6608 | D:7      | Maurice stole a throwing net
  6642 | D:7      | Killed Maurice
  6857 | D:7      | Noticed Duvessa
  6858 | D:7      | Noticed Dowan
  6864 | D:7      | Killed Duvessa
  6870 | D:7      | Killed Dowan
  6892 | D:7      | Found a shimmering altar of Xom.
  6986 | D:7      | Reached skill level 11 in Long Blades
  6995 | D:7      | Found a sand-covered staircase.
  7194 | D:7      | Found a runed translucent door.
  7195 | D:7      | Noticed Crazy Yiuf
  7210 | D:7      | Killed Crazy Yiuf
  7448 | D:8      | Reached XP level 10. HP: 70/81 MP: 9/9
  7504 | D:8      | Noticed a two-headed ogre
  7517 | D:8      | Killed a two-headed ogre
  7638 | D:8      | Reached ***** piety under Hepliaklqana
  7743 | D:8      | Noticed Maggie
  7756 | D:8      | Killed Maggie
  8265 | D:9      | Reached skill level 12 in Long Blades
  8265 | D:9      | Reached skill level 1 in Invocations
  8271 | D:9      | Reached skill level 1 in Evocations
  8293 | D:9      | Found a transporter.
  8299 | D:9      | Found a transporter.
  8392 | D:9      | Found an opulent altar of Gozag.
  8436 | D:9      | Found an iron altar of Okawaru.
  9975 | D:10     | Entered Level 10 of the Dungeon
 11146 | D:10     | Reached XP level 11. HP: 79/89 MP: 11/11
 11226 | D:10     | Noticed Snorg
 11239 | D:10     | Killed Snorg
 11463 | D:10     | Found a burning altar of Makhleb.
 11733 | D:10     | Reached skill level 13 in Long Blades
 11741 | D:10     | Reached skill level 10 in Fighting
 11831 | D:10     | Found a staircase to the Orcish Mines.
 11913 | D:10     | Found a glowing silver altar of Zin.
 11935 | D:10     | Found an ancient bone altar of Kikubaaqudgha.
 12034 | D:10     | Reached skill level 10 in Shields
 12036 | D:10     | Reached skill level 10 in Armour
 12153 | D:11     | Noticed a soul eater
 12225 | D:11     | Noticed Erica
 12230 | D:11     | Found a gate leading to a gauntlet.
 12236 | D:11     | Killed Erica
 12405 | D:11     | Found a staircase to the Lair.
 12502 | D:11     | Noticed Fannar
 12524 | D:11     | Killed Fannar
 12524 | D:11     | Noticed Urug
 12769 | D:11     | Killed Urug
 12941 | D:11     | Reached skill level 14 in Long Blades
 12943 | D:11     | Reached XP level 12. HP: 94/97 MP: 14/14
 13597 | Lair:1   | Entered Level 1 of the Lair of Beasts
 13684 | Lair:1   | Noticed Prince Ribbit
 13690 | Lair:1   | Killed Prince Ribbit
 13927 | Lair:1   | Noticed a death yak
 13927 | Lair:1   | Noticed a death yak
 13927 | Lair:1   | Noticed a death yak
 13930 | Lair:1   | Noticed a death yak
 13930 | Lair:1   | Noticed a death yak
 13939 | Lair:1   | Noticed a death yak
 13947 | Lair:1   | Killed a death yak
 13948 | Lair:1   | Reached skill level 5 in Invocations
 13950 | Lair:1   | Killed a death yak
 13957 | Lair:1   | Killed a death yak
 13978 | Lair:1   | Killed a death yak
 13992 | Lair:1   | Killed a death yak
 14013 | Lair:1   | Killed a death yak
 14056 | Lair:1   | Found an ornate altar of the Wu Jian Council.
 14091 | Lair:1   | Reached skill level 5 in Evocations
 14115 | Lair:1   | Reached ****** piety under Hepliaklqana
 14142 | Lair:1   | Reached skill level 15 in Long Blades
 14514 | Lair:2   | Noticed an eight-headed hydra
 14974 | Lair:2   | Killed an eight-headed hydra
 15052 | Lair:2   | Reached XP level 13. HP: 95/105 MP: 16/16
 15625 | Lair:2   | Found an iron altar of Okawaru.
 15956 | Lair:2   | Found a staircase to the Swamp.
 16492 | Lair:3   | Reached skill level 16 in Long Blades
 16551 | Lair:3   | Noticed Dineis's ghost (journeyman SpCj)
 16649 | Lair:3   | Noticed Nessos
 16752 | Lair:3   | Found a transporter.
 16756 | Lair:3   | Found a transporter.
 16756 | Lair:3   | Found a hole to the Spider Nest.
 16926 | Lair:3   | Killed Nessos
 16927 | Lair:3   | Reached XP level 14. HP: 100/114 MP: 18/18
 17832 | D:7      | Bought a potion of curing for 87 gold pieces
 17832 | D:7      | Bought a runed great sword for 275 gold pieces
 17832 | D:7      | Bought a lumpy filigree amulet for 145 gold pieces
 17833 | D:7      | Bought a scroll of identify for 58 gold pieces
 17834 | D:7      | Bought a coppery potion for 26 gold pieces
 17926 | Orc:1    | Entered Level 1 of the Orcish Mines
 18123 | Orc:1    | Found Enohudghi's Magic Scroll Emporium.
 18129 | Orc:1    | Bought a scroll of teleportation for 39 gold pieces
 18768 | Orc:2    | Entered Level 2 of the Orcish Mines
 19216 | Orc:2    | Found a staircase to the Elven Halls.
 19358 | Orc:2    | Found a runed translucent gate.
 19358 | Orc:2    | Found a runed translucent gate.
 19358 | Orc:2    | Found a runed translucent gate.
 19362 | Orc:2    | Noticed Gazog's ghost (journeyman TrSh)
 19362 | Orc:2    | Noticed jamsaran's ghost (journeyman TeSu)
 19363 | Orc:2    | Noticed osoart's ghost (journeyman CoFi)
 19364 | Orc:2    | Noticed DeathSocks's ghost (adept BaHs)
 20204 | Orc:2    | Found Uvoar's Distillery.
 20204 | Orc:2    | Found Jous's Weapon Shop.
 20206 | Orc:2    | Found Donkall's Book Boutique.
 20208 | Orc:2    | Found Iluet's Antique Weapon Shoppe.
 20212 | Orc:2    | Bought a potion of heal wounds for 75 gold pieces
 20552 | D:6      | Killed lucidstorm14's ghost
 20973 | Orc:2    | Bought a potion of curing for 45 gold pieces
 20973 | Orc:2    | Bought a potion of might for 60 gold pieces
 20974 | Orc:2    | Bought the +1 long sword of Bosol {venom, Int+3 Dex-2} for
                  | 292 gold pieces
 21111 | D:12     | Found Hobam's Book Emporium.
 21637 | D:12     | Found Geam's General Store.
 22591 | D:13     | HP: 2/117 [enormous slime creature (68)]
 22592 | D:13     | Demolished by an enormous slime creature

Illustrated notes

Levels and vault maps discovered:
D:1:      dpeg_arrival_round_c, layout_loops_ring,
          ebering_ecumenical_altar_webs, minmay_misc_feat_iff
D:2:      layout_loops_corners, kennysheep_jessica_study, uniq_jessica
D:3:      layout_loops_corners, lemuel_round_altar,
          gammafunk_temple_overflow_arena, portal_sewer_entry_f
D:4:      layout_basic, minmay_temple_entry_fiery
D:5:      layout_loops_ring, nicolae_wu_jian_immortal_techniques,
          uniq_blork_the_orc
D:6:      layout_gridville, gammafunk_ghost_smash, minmay_holes
D:7:      layout_cave_pools, regret_index_xom_of_box,
          chequers_ossuary_entry_cave, serial_shops, shop, uniq_maurice,
          uniq_crazy_yiuf_cottage, uniq_duvessa
D:8:      layout_basic, bh_circular_ruins, uniq_maggie
D:9:      gammafunk_steamed_eel, layout_small_grid, grunt_gozag_breadcrumbs,
          lemuel_round_altar, grunt_decor_arrowhead
D:10:     layout_gridville, grunt_temple_overflow_order_and_chaos_2,
          kiku_gazebo_garden_becter, erik_orc_2, uniq_snorg
D:11:     layout_layer_cave, lair_entry_dummy, gauntlet_entry_generic,
          uniq_erica, uniq_urug, uniq_fannar
D:12:     layout_loops_cross, serial_shops, shop, kennysheep_little_box,
          hangedman_decor_clover_reticule, dk_vineyard_3, serial_bayou_ford_a,
          chequers_serial_rivers_large_b, nicolae_figureground_sparkle
D:13:     layout_layer_cave
Lair:1:   layout_regular_city, basic_altar, uniq_prince_ribbit2
Lair:2:   layout_regular_city, swamp_mist, basic_altar,
          gammafunk_lair_bear_cave, lemuel_fruit_tree, infiniplex_staircase_pool
Lair:3:   layout_loops_ring, nicolae_spider_entry_lesser_pyramids,
          gammafunk_ghost_hive, beast_lair_carwin_5, uniq_nessos
Lair:4:   layout_long_grid, chequers_serial_rivers_micro_d
Orc:1:    layout_caves, serial_shops, shop
Orc:2:    st_orc_rangers, layout_caves, gammafunk_ghost_cemetery

Skill      XL: |  1  2  3  4  5  6  7  8  9 10 11 12 13 14 |
---------------+-------------------------------------------+-----
Long Blades    | 3 4 5 6 7 9 11 12 14 15 16 | 16.5
Armour         | 4 5 6 7 8 9 10 11 12 13 | 13.9
Shields        | 4 5 6 7 8 9 10 11 12 13 | 13.8
Fighting       | 4 5 6 7 8 9 10 11 12 13 | 13.9
Invocations    | 2 4 6 7 8 |  8.9
Evocations     | 2 4 5 6 8 |  8.1

Action                     |  1- 3 |  4- 6 |  7- 9 | 10-12 | 13-15 || total
---------------------------+-------+-------+-------+-------+-------++-------
  Melee: Long sword        |    73 |   113 |   212 |   564 |   956 ||  1918
         Headbutt          |     8 |    19 |    49 |   135 |   257 ||   468
 Invoke: Ancestor Life: Ba |       |     1 |       |       |       ||     1
         Idealise          |       |       |       |     1 |       ||     1
  Evoke: Wand              |       |       |     6 |    29 |    20 ||    55
         Lightning rod     |       |       |       |       |     4 ||     4
    Use: Scroll            |       |       |     1 |    17 |     8 ||    26
         Potion            |       |       |       |     6 |     6 ||    12
   Stab: Distracted        |       |       |     2 |     5 |    12 ||    19
         Petrified         |       |       |       |       |     6 ||     6
 Armour: Scale mail        |    29 |       |       |       |       ||    29
         Chain mail        |    33 |    62 |    42 |       |       ||   137
         Plate armour      |       |       |   160 |   519 |   914 ||  1593
  Dodge: Dodged            |    43 |    45 |    51 |   148 |   193 ||   480
  Block: Buckler           |    19 |    23 |    43 |   144 |    58 ||   287
         Tower shield      |       |       |       |       |   989 ||   989

Table legend: (Time is in decaauts)
 A = Elapsed time spent in this place.
 B = Non-inter-level travel time spent in this place.
 C = Inter-level travel time spent in this place.
 D = Time resting spent in this place.
 E = Time spent auto-exploring this place.
 F = Levels seen in this place.
 G = Mean time per level.
                   A        B        C        D        E       F      G
               +--------+--------+--------+--------+--------+-----+--------+
         Total |  22548 |  20036 |   2512 |   3828 |  12065 |  20 | 1127.4 |
       Dungeon |  15156 |  13044 |   2112 |   2390 |   8274 |  13 | 1165.8 |
          Lair |   4004 |   3839 |    165 |    665 |   2256 |   4 | 1001.0 |
  Orcish Mines |   2401 |   2168 |    233 |    773 |    757 |   2 | 1200.5 |
         Sewer |    986 |    986 |      0 |      0 |    777 |   1 |  986.0 |
               +--------+--------+--------+--------+--------+-----+--------+

Top non-repeatable levels by time:
     D:9: 2876 daAuts
    D:11: 1530 daAuts
   Orc:1: 1455 daAuts
    D:10: 1416 daAuts
  Lair:1: 1370 daAuts
     D:4: 1292 daAuts
     D:2: 1151 daAuts
    D:12: 1063 daAuts
     D:3: 1055 daAuts
  Lair:2: 1020 daAuts
     D:7: 1003 daAuts
   Sewer: 986 daAuts
  Lair:3: 977 daAuts
     D:8: 946 daAuts
   Orc:2: 945 daAuts
